[Event "*** Titled Tuesday Blitz"]
[Site "Chess.com"]
[Date "2018.08.07"]
[Round "9"]
[White "AndrewDGreen"]
[Black "b_6"]
[Result "0-1"]
[WhiteElo "2183"]
[BlackElo "2375"]
[TimeControl "180+2"]
[EndTime "15:07:36 PDT"]
[Termination "b_6 won by resignation"]

1. d4 e6 2. Nf3 b6 3. Bf4 Nf6 4. e3 d5 5. Nbd2 Bd6 6. Bg3 O-O 7. Bd3 Bb7 8. Ne5 Ne4 9. Nxe4 dxe4 10. Be2 Nd7 11. Nxd7 Qxd7 12. Qd2 Qa4 13. O-O Ba6 14. b3 Qa3 15. Bxa6 Qxa6 16. Bxd6 cxd6 17. c4 Rac8 18. Rfc1 f5 19. g3 Qb7 20. b4 Rfd8 21. a4 e5 22. d5 Qf7 23. Qd1 f4 24. Qg4 fxe3 25. fxe3 Qf3 26.
Qxf3 exf3 27. e4 g5 28. g4 Rf8 29. Ra3 Rf4 30. Kf2 Rcf8 31. Re3 Rxg4 32. Rg1 Rxg1 33.
Kxg1 g4 34. Kf2 h5 35. c5 bxc5 36. bxc5 dxc5 37. d6 h4 38. Rc3 g3+ 39. hxg3 hxg3+ 40.
Kf1 g2+ 41. Kf2 Rf7 42. Rxc5 Rg7 43. Rc1 Kf8 44. Rd1 Ke8 45. Rg1 Kd7 46. Kxf3 Kxd6 47. a5 Kc5 48. a6 Kd4 49. Rd1+ Kc4 50. Rc1+ Kb5 51. Rb1+ Kxa6 52. Ra1+ Kb5 53. Rb1+ Kc6 54. Rc1+ Kd6 55. Rd1+ Ke6 56. Rg1 a5 57. Kf2 a4 58.
Kf3 a3 59. Kf2 a2 0-1

[Event "*** Titled Tuesday Blitz"]
[Site "Chess.com"]
[Date "2018.08.07"]
[Round "9"]
[White "Passacaglia23"]
[Black "chess4life23"]
[Result "0-1"]
[WhiteElo "2263"]
[BlackElo "2291"]
[TimeControl "180+2"]
[EndTime "15:07:43 PDT"]
[Termination "chess4life23 won by checkmate"]

1. d4 Nf6 2. c4 b6 3. Nf3 Bb7 4.
g3 d5 5. cxd5 Bxd5 6. Bg2 e6 7.
O-O Be7 8. Nc3 Bb7 9. Qc2 O-O 10.
Rd1 Qc8 11. e4 Rd8 12. Be3 Na6 13. Ne5 c5 14. d5 Nb4 15. Qb3 exd5 16. exd5 c4 17.
Nxc4 Nbxd5 18. Nxd5 Nxd5 19. Bf4 Nxf4 20. Rxd8+ Qxd8 21. Bxb7 Ne2+ 22. Kf1 Nd4 23. Qd3 Rb8 24. Be4 g6 25. Rd1 Bf6 26. Ne3 Bg7 27. Nc2 Ne6 28.
Qe2 Qc7 29. Nb4 Rd8 30. Nd5 Qe5 31. b3 h6 32. Kg2 Nd4 33. Qd3 Kh7 34. Ne3 Qe7 35. f4 Ne6 36. Nd5 Qc5 37. Qf3 Nd4 38. Qd3 f5 39. Bf3 Re8 40. h3 Qa5 41. b4 Qxa2+ 42.
Kh1 Qa4 43. Rf1 Qb5 44. Qxb5 Nxb5 45. Kg2 Rd8 46. Rd1 Kh8 47. g4 Nd4 48. Ne3 Rc8 49.
gxf5 gxf5 50. Bb7 Rc3 51. Nd5 Rc2+ 52. Kg1 Nf3+ 53. Kf1 Nh2+ 54. Kg1 Nf3+ 55. Kf1 Bd4 56. Ne7 Rf2# 0-1

[Event "*** Titled Tuesday Blitz"]
[Site "Chess.com"]
[Date "2018.08.07"]
[Round "9"]
[White "MFBerna"]
[Black "Alopekos"]
[Result "0-1"]
[WhiteElo "2294"]
[BlackElo "2456"]
[TimeControl "180+2"]
[EndTime "15:07:48 PDT"]
[Termination "Alopekos won by resignation"]

1. e4 e5 2. Nf3 Nc6 3. Bb5 a6 4. Ba4 Nf6 5. O-O b5 6. Bb3 Bc5 7. Re1 d6 8. c3 O-O 9. d4 Bb6 10. a4 Bb7 11. Na3 h6 12. Rb1 exd4 13. cxd4 Na5 14.
Bc2 b4 15. e5 dxe5 16. dxe5 Qxd1 17. Bxd1 Ng4 18. Rf1 bxa3 19. bxa3 Rad8 20. Be2 Bxf3 21. gxf3 Nxe5 22. f4 Nd3 23. Be3 Bxe3 24. fxe3 c5 25. Rb6 c4 26. Rxa6 Ra8 27. Rb6 Rfb8 28. Rb5 Rxb5 29. axb5 Nb3 30. Rb1 Nbc5 31. b6 c3 32.
Bd1 Rb8 33. a4 Nb2 34. a5 Nxd1 35. Rxd1 Kf8 36. Rc1 Ne4 37. f5 Ke7 38. Kg2 Kd6 39.
Kf3 Nd2+ 40. Ke2 Nc4 41. Rxc3 Nxa5 42. Rc7 Rb7 43. Rxb7 Nxb7 44. e4 Kc6 45. Ke3 Kxb6 46. e5 Kc6 47. Kd4 Nc5 48. Kc4 Nd7 49. Kd4 Nf8 50. Kc4 g6 51. fxg6 fxg6 52. Kd4 Ne6+ 53. Kc4 g5 54. h3 h5 55. Kd3 Kd5 0-1

[Event "*** Titled Tuesday Blitz"]
[Site "Chess.com"]
[Date "2018.08.07"]
[Round "9"]
[White "Indianlad"]
[Black "FairChess_on_YouTube"]
[Result "1/2-1/2"]
[WhiteElo "2751"]
[BlackElo "2948"]
[TimeControl "180+2"]
[EndTime "15:08:00 PDT"]
[Termination "Game drawn - insufficient material"]

1. e4 c5 2. Nf3 e6 3. d4 cxd4 4. Nxd4 a6 5. Nc3 Nc6 6. Nxc6 bxc6 7. Bd3 d5 8. O-O Nf6 9. Qe2 Be7 10. b3 O-O 11.
Bb2 Bb7 12. Rad1 Qc7 13. e5 Nd7 14. Na4 c5 15. c4 d4 16. f4 f5 17. exf6 Rxf6 18. Be4 Raf8 19. Bxb7 Qxb7 20. Bc1 Bd6 21. Nb2 e5 22. fxe5 Nxe5 23. Rxf6 Rxf6 24. Rf1 Rxf1+ 25. Kxf1 Qf7+ 26. Ke1 Qf5 27. Kd1 d3 28. Qe3 Qf1+ 29. Qe1 Qxg2 30. Bd2 Qxh2 31. Qe4 Qh5+ 32. Kc1 Qf3 33.
Qxf3 Nxf3 34. Nxd3 h5 35. Be3 g5 36. Bxc5 Bxc5 37.
Nxc5 h4 38. Ne4 g4 39. Nf6+ Kf7 40. Nxg4 Kg6 41. c5 Kf5 42. Nf2 Ng5 43. Kd2 h3 44. Ke3 h2 45. b4 Ke6 46. a3 Kd5 47. Nh1 Kc4 48. Kf4 Nf7 49. Kf5 Kd5 50. Kf4 Ne5 51. Kg3 Kc4 52. Kxh2 Kb3 53. Kg3 Kxa3 54. Kf4 Nc6 55.
Ke4 Kxb4 56. Kd5 Ne7+ 57. Kd6 Nf5+ 58. Ke5 Kxc5 59. Kxf5 Kd4 60. Ng3 a5 61. Ne2+ Kd3 62.
Nc1+ Kc2 63. Ne2 Kd3 64. Nf4+ Kc4 65. Ke4 a4 66. Ne2 a3 67. Nc1 Kc3 68. Na2+ Kb3 69. Nc1+ Kb2 70. Nd3+ Kc2 71. Kd4 a2 72. Nb4+ Kd1 73.
Nxa2 1/2-1/2

[Event "*** Titled Tuesday Blitz"]
[Site "Chess.com"]
[Date "2018.08.07"]
[Round "9"]
[White "xberli"]
[Black "Vuk2000"]
[Result "1-0"]
[WhiteElo "2503"]
[BlackElo "2662"]
[TimeControl "180+2"]
[EndTime "15:08:05 PDT"]
[Termination "xberli won by resignation"]

1. e4 d5 2. exd5 Qxd5 3. Nc3 Qd6 4. d4 Nf6 5. Nf3 c6 6. Ne5 Nbd7 7. Nc4 Qc7 8. Qf3 Nb6 9. Bf4 Qd8 10. Be5 Bg4 11.
Qg3 h5 12. h3 h4 13. Qe3 Nbd5 14. Qd2 Bf5 15. O-O-O e6 16. Nxd5 Qxd5 17. Kb1 Bg6 18. Ne3 Qd7 19. Bd3 Bxd3 20. Qxd3 Bd6 21. Nc4 Bc7 22. Qa3 Nd5 23. Rhe1 Rd8 24. Bxg7 Rg8 25. Be5 a6 26. Qf3 Qe7 27. g4 Bxe5 28. dxe5 Kf8 29.
Ne3 Nxe3 30. Qxe3 Kg7 31. f4 Rxd1+ 32. Rxd1 Rd8 33. Rf1 Qd7 34. f5 exf5 35. gxf5 Kf8 36. Qh6+ Ke8 37. Qh8+ Ke7 38. Qxh4+ Ke8 39. a3 Qd5 40. e6 Rd6 41. Qh8+ Ke7 42. Re1 Qxf5 43.
exf7+ Kxf7 44. Qc3 Re6 45. Rd1 Re7 46. Qc4+ Kg7 47.
Rg1+ Kf6 48. Qh4+ Kf7 49. Qg4 Qxg4 50. hxg4 Kg6 51. Ka2 Re3 52. c3 Kg5 53. Kb3 Re4 54. c4 b5 55. cxb5 cxb5 56. Kc3 Rc4+ 57. Kd3 Rf4 58. b3 Rf3+ 59. Kc2 Rf2+ 60. Kc3 Rf4 61. Rd1 Kxg4 62. Rd4 Kf5 63. Rxf4+ Kxf4 64. Kd4 Kf3 65. Kc5 Ke3 66. Kb6 Kd3 67. Kxa6 Kc3 68. Kxb5 Kxb3 69. a4 1-0

[Event "*** Titled Tuesday Blitz"]
[Site "Chess.com"]
[Date "2018.08.07"]
[Round "9"]
[White "NormWeinstein"]
[Black "NemtsevIgor"]
[Result "0-1"]
[WhiteElo "2396"]
[BlackElo "2395"]
[TimeControl "180+2"]
[EndTime "15:08:16 PDT"]
[Termination "NemtsevIgor won on time"]

1. e4 c6 2. d4 d5 3. exd5 cxd5 4. c4 Nf6 5. Nc3 e6 6. Nf3 Be7 7. a3 O-O 8. c5 Ne4 9. Qc2 f5 10.
Bf4 Bf6 11. Be5 Nc6 12. Bxf6 Qxf6 13. Rd1 a6 14. Be2 Bd7 15. O-O Be8 16. Qd3 Bh5 17. Ne1 Bxe2 18. Nxe2 Qh6 19. f3 Nf6 20. Qd2 g5 21. b4 Qg7 22. Qe3 Rae8 23. Nd3 f4 24. Qf2 Kh8 25. Rfe1 Rg8 26. h3 h5 27. Kh1 Nd7 28. a4 Ne7 29. b5 axb5 30. axb5 Nf5 31. Ndxf4 gxf4 32. Nxf4 Qh6 33. c6 bxc6 34. bxc6 Qxf4 35.
cxd7 Re7 36. Qd2 Qxd2 37. Rxd2 Rd8 38. g4 Nh4 39. Re3 Rdxd7 40. Kh2 Ng6 41. Kg3 h4+ 42. Kf2 Nf4 43. Rc2 Rc7 44. Rec3 Rxc3 45. Rxc3 Nxh3+ 46. Ke3 Rf7 47. Rc8+ Kg7 48. Re8 Nf4 49. Kf2 Ra7 50. Kg1 h3 51. Kh2 Ra2+ 52. Kg3 h2 53.
Re7+ Kf8 54. Rh7 Ne2+ 55. Kxh2 Nxd4+ 56. Kg3 Ne2+ 57. Kh4 d4 58. Kg5 e5 59. Kf6 Ra6+ 60. Kxe5 d3 61. Rd7 Nc1 62. g5 Ke8 63. Rd4 Ke7 64.
f4 Ra5+ 65. Ke4 Ke6 66. Ke3 Ra2 67. Rc4 Re2+ 68. Kf3 Re1 0-1

[Event "*** Titled Tuesday Blitz"]
[Site "Chess.com"]
[Date "2018.08.07"]
[Round "9"]
[White "CarlssonLudvig"]
[Black "Maili15"]
[Result "1-0"]
[WhiteElo "2202"]
[BlackElo "2260"]
[TimeControl "180+2"]
[EndTime "15:08:21 PDT"]
[Termination "CarlssonLudvig won on time"]

1. d4 d5 2. Nf3 Nf6 3. Bf4 c5 4. e3 Nc6 5. Nbd2 Bg4 6. c3 e6 7. Qa4 Nd7 8. Ne5 Ndxe5 9. Bxe5 f6 10. Bg3 c4 11. b3 cxb3 12. axb3 Bd6 13. Bb5 Qc7 14.
Bxd6 Qxd6 15. O-O O-O 16. Bxc6 bxc6 17. b4 e5 18. Nb3 Be2 19. Rfe1 Bb5 20. Qa2 Bc4 21. Qc2 e4 22. Nd2 Bd3 23. Qb3 f5 24. f4 g5 25. g3 Kh8 26. c4 gxf4 27. gxf4 Rg8+ 28. Kh1 Rg7 29. Rg1 Rag8 30. cxd5 cxd5 31. Qc3 Rxg1+ 32. Rxg1 Rxg1+ 33. Kxg1 Qg6+ 34. Kh1 Qg4 35. Qc8+ Kg7 36. Qd7+ Kh6 37. Qe6+ Kh5 38. Qf7+ Qg6 39. Qxg6+ hxg6 40. Nb3 g5 41. fxg5 Kxg5 42. Nc5 Bc4 43. Kg2 Kg4 44. Ne6 Be2 45. h3+ Kh4 46. Nf4 Bc4 47.
Ng6+ Kg5 48. Nf4 Kf6 49. Kg3 Kg5 50. h4+ Kf6 51. Nh5+ Kg6 52. Nf4+ Kf6 53. Nh3 Bb5 54.
Kf4 Bf1 55. Nf2 Bc4 56. Nh1 Bb5 57. Ng3 Bd7 58. h5 Be8 59. Nxf5 Bxh5 60. Nd6 Ke6 61. Nb7 Be2 62. Nc5+ Kd6 63. Na4 Kc6 64. Nc3 Bc4 65. Ke5 Bb3 66. Ke6 Bc4 67. Ke5 Bb3 68. b5+ Kb6 69. Kd6 Bc4 70. Nxd5+ Kxb5 71. Nc3+ Kb4 72.
Nxe4 a5 73. Nc5 a4 74. Nxa4 Kxa4 75. Kc5 1-0

[Event "*** Titled Tuesday Blitz"]
[Site "Chess.com"]
[Date "2018.08.07"]
[Round "9"]
[White "timator"]
[Black "Arystanner23"]
[Result "0-1"]
[WhiteElo "2370"]
[BlackElo "2565"]
[TimeControl "180+2"]
[EndTime "15:08:27 PDT"]
[Termination "Arystanner23 won by resignation"]

1. Nf3 Nf6 2. g3 e6 3. Bg2 d5 4. O-O Be7 5. d4 O-O 6. c4 dxc4 7. Qc2 a6 8. Qxc4 b5 9. Qc2 Bb7 10. Bd2 Be4 11. Qc1 Nbd7 12. Ba5 Rc8 13. Nbd2 Bb7 14.
Qc2 Qe8 15. Rac1 c5 16. dxc5 Nxc5 17. Qb1 Nce4 18. Rxc8 Qxc8 19. Rc1 Qa8 20. Nf1 Ng4 21. Be1 Rc8 22. h3 Ngf6 23. Ba5 Rxc1 24. Qxc1 Bc5 25.
Ne3 Qa7 26. Bd2 Nxd2 27. Qxd2 h6 28. Nd1 Ne4 29. Qd8+ Kh7 30. e3 Nf6 31. Ne5 Bxg2 32. Kxg2 Qb7+ 33. Kg1 Be7 34. Qd3+ Kg8 35. Nc3 Qc7 36. Nf3 b4 37. Ne2 a5 38. Nfd4 Nd5 39.
Qc2 Qxc2 40. Nxc2 Bf6 41. Ned4 Kf8 42. Kf1 Ke7 43. Nc6+ Kd7 44. N6d4 e5 45. Nb3 e4 46. Ncd4 Bxd4 47. exd4 Kc6 48. Nxa5+ Kb5 49. Nb7 Kc4 50. Nd6+ Kxd4 51. Nxf7 Kd3 52. Ne5+ Kc2 53. Nc4 Kd3 54.
Ne3 Nxe3+ 55. fxe3 Kc2 56. a4 Kxb2 57. a5 Kc3 58. a6 b3 59. a7 b2 60. a8=Q b1=Q+ 61. Kf2 Qc2+ 62. Kf1 Qd1+ 63. Kg2 Qf3+ 64. Kh2 Qf2+ 65.
Kh1 Qxe3 66. Qa3+ Kd2 67. Qb2+ Ke1 68. Qxg7 Qf3+ 69. Kh2 e3 70. Qa1+ Kf2 71. Qg1+ Ke2 72. Qb1 Qf2+ 73. Kh1 Qf1+ 0-1

[Event "*** Titled Tuesday Blitz"]
[Site "Chess.com"]
[Date "2018.08.07"]
[Round "9"]
[White "Orest_Vovk"]
[Black "NikolaGry"]
[Result "0-1"]
[WhiteElo "2331"]
[BlackElo "2525"]
[TimeControl "180+2"]
[EndTime "15:08:42 PDT"]
[Termination "NikolaGry won by resignation"]

1. g4 d5 2. h3 e5 3. Bg2 c6 4.
d4 Nd7 5. c4 dxc4 6. Nf3 exd4 7.
Qxd4 Ngf6 8. O-O b5 9. Ne5 Bc5 10. Nxc6 Qb6 11. Qf4 Bb7 12. Ne5 Bxg2 13. Nxd7 Nxd7 14.
Kxg2 O-O 15. Nc3 Rfe8 16. e4 Qc6 17. Nd5 Nb6 18. Nxb6 Rxe4 19. Qf3 Bxb6 20. Re1 Rae8 21. Rxe4 Qxe4 22. Qxe4 Rxe4 23. Be3 Bxe3 24. Re1 f6 25.
fxe3 Kf7 26. Kf3 Re6 27. Rd1 Ke7 28. Rd5 a6 29. a4 Re5 30. Rd4 Rc5 31. axb5 axb5 32.
Ke2 h5 33. Rd1 hxg4 34. hxg4 Kf7 35. Rd7+ Kg6 36. Rb7 Kh6 37. Kf3 Re5 38. Kf4 Kg6 39. Kf3 Kh6 40. Kf4 Kg6 41. Kf3 Rc5 42. Kf4 Kh6 43. Kf3 g6 44. Kf4 g5+ 45. Ke4 Kg6 46. Kd4 c3 47. bxc3 Rc4+ 48. Kd3 Rxg4 49. Rxb5 Rg1 50.
Rb8 Kg7 51. Rb7+ Kg6 52. Rb8 g4 53. c4 Rc1 54. Rg8+ Kh5 55. Kd4 Kh4 56. e4 g3 57.
Rg6 Rf1 58. c5 Kh3 59. c6 g2 60. c7 Rc1 61. Kd5 Rxc7 62. Ke6 Rc6+ 63. Kf5 Rc5+ 64. Kf4 Kh2 65. Kf3 Rg5 66. Rh6+ Kg1 67. Rxf6 Kf1 68. Kf4 g1=Q 69. e5 Qg3+ 0-1

[Event "*** Titled Tuesday Blitz"]
[Site "Chess.com"]
[Date "2018.08.07"]
[Round "9"]
[White "FearNoEvil12"]
[Black "Morshynska"]
[Result "1-0"]
[WhiteElo "1959"]
[BlackElo "2112"]
[TimeControl "180+2"]
[EndTime "15:08:43 PDT"]
[Termination "FearNoEvil12 won on time"]

1. e4 e5 2. d4 exd4 3. Bc4 Nc6 4.
Nf3 Bc5 5. O-O d6 6. h3 Nf6 7. c3 dxc3 8. Nxc3 h6 9. a3 O-O 10. b4 Bb6 11. Bb2 Be6 12. Nd5 Nxe4 13. Qc2 Ng5 14. Qc3 Nxf3+ 15. Qxf3 Bd4 16. Bxd4 Nxd4 17. Qf4 Bxd5 18. Qxd4 Bxc4 19. Qxc4 c6 20. Rfd1 d5 21. Qc3 Qb6 22. Rd4 Rad8 23. Rad1 Rfe8 24. Rg4 d4 25. Qg3 g5 26. h4 f6 27. hxg5 hxg5 28. Rxg5+ fxg5 29. Qxg5+ Kf7 30. Rd3 Re1+ 31. Kh2 Rh8+ 32. Kg3 Qc7+ 33.
Kf3 Qe5 34. Qxe5 Rxe5 35. Rxd4 Rf5+ 36. Kg3 Rd5 37. Rf4+ Ke6 38. Rg4 Rd3+ 39. f3 Rxa3 40.
Rg7 b5 41. Kf4 Ra4 42. g4 Rf8+ 43. Kg5 Rxb4 44. f4 Rbxf4 45. Rxa7 b4 46. Rb7 c5 47. Rb6+ Kd5 48. Kh5 Rf1 49. g5 Rh8+ 50. Kg6 Rg8+ 51.
Kh7 Rxg5 52. Rh6 Rf7+ 53. Kh8 Rf8+ 54. Kh7 Rfg8 55. Rh2 Rg2 56. Rh5+ R8g5 57. Rh4 b3 58. Rh3 b2 59. Kh6 b1=Q 60. Rd3+ 1-0

[Event "*** Titled Tuesday Blitz"]
[Site "Chess.com"]
[Date "2018.08.07"]
[Round "9"]
[White "Supernotar"]
[Black "PaulfromSPb"]
[Result "1/2-1/2"]
[WhiteElo "2477"]
[BlackElo "2579"]
[TimeControl "180+2"]
[EndTime "15:09:14 PDT"]
[Termination "Game drawn - insufficient material"]

1. d4 Nf6 2. c4 e6 3. Nf3 b6 4. g3 Ba6 5. Qa4 c5 6. Bg2 Bb7 7. O-O cxd4 8. Nxd4 Bxg2 9. Kxg2 Qc8 10. Rd1 Nc6 11.
Nxc6 Qxc6+ 12. Qxc6 dxc6 13. b3 Rd8 14. Rxd8+ Kxd8 15. Bb2 Be7 16. Nc3 Kc7 17. Rd1 h5 18. h3 a6 19. a4 Bb4 20. Kf3 Re8 21. Ne4 Nxe4 22. Kxe4 f6 23. f4 Bd6 24. e3 Bc5 25. Bd4 Bxd4 26. exd4 Kd6 27. b4 f5+ 28. Ke3 b5 29.
c5+ Kc7 30. axb5 axb5 31. Ra1 Kb7 32. g4 hxg4 33. hxg4 fxg4 34. Rg1 Kc7 35. Rxg4 Re7 36. Ke4 Kd7 37. Rg6 Rf7 38. Ke5 Rf5+ 39. Ke4 Rf7 40. Rg5 Ke7 41. Ke5 Kd7 42. Rh5 Ke7 43. Rh8 Rf5+ 44.
Ke4 g5 45. Rh7+ Kd8 46. fxg5 Rxg5 47. Rf7 Rh5 48. Ra7 Rg5 49. Rf7 Rh5 50. Rg7 Rf5 51. Rh7 Rg5 52. Kf4 Rf5+ 53. Ke4 Rg5 54. Rh4 Kd7 55. Rf4 Rh5 56. Rf7+ Kd8 57. Rf2 Kd7 58. Rg2 Kd8 59. Kf4 Kd7 60. Rg7+ Kd8 61. Rg5 Rxg5 62. Kxg5 Ke7 63. Kg6 e5 64. dxe5 Ke6 65. Kg7 Kxe5 66. Kf7 Kd5 67. Ke7 Kc4 68. Kd6 Kxb4 69.
Kxc6 Ka4 70. Kd5 b4 71. c6 b3 72. c7 b2 73. c8=Q b1=Q 74. Qa6+ Kb3 75. Qb5+ Kc2 76. Qe2+ Kb3 77. Qf3+ Kb2 78. Kc4 Qa2+ 79. Kb4 Ka1 80.
Qd1+ Qb1+ 81. Qxb1+ Kxb1 1/2-1/2

[Event "*** Titled Tuesday Blitz"]
[Site "Chess.com"]
[Date "2018.08.07"]
[Round "9"]
[White "nihalsarin"]
[Black "Raja3401"]
[Result "1-0"]
[WhiteElo "2762"]
[BlackElo "2629"]
[TimeControl "180+2"]
[EndTime "15:09:27 PDT"]
[Termination "nihalsarin won by resignation"]

1. e4 c5 2. c3 Nf6 3. e5 Nd5 4. d4 cxd4 5. Nf3 Nc6 6. cxd4 d6 7.
Bc4 dxe5 8. dxe5 Ndb4 9. Qe2 Bf5 10. O-O Bd3 11. Bxd3 Qxd3 12. Qxd3 Nxd3 13. e6 fxe6 14. Nc3 g6 15. Rd1 O-O-O 16. Ng5 Bh6 17. Nf7 Bxc1 18. Raxc1 Nxc1 19. Rxc1 Rhf8 20. Nxd8 Rxd8 21. Ne4 Rd5 22. f3 Kc7 23. Kf2 b6 24. Ke3 Kd7 25. Nc3 Re5+ 26.
Kf2 a5 27. Rd1+ Kc7 28. a4 Nb4 29. Nb5+ Kc6 30. Rd8 Rd5 31. Rc8+ Kd7 32. Rc7+ Kd8 33. Rb7 Rd2+ 34. Kg3 Rxb2 35. Rxb6 Ra2 36. Nc3 Ra3 37. Ne4 Rxa4 38. Nc5 Ra2 39. Nxe6+ Kd7 40. Nf8+ Kc7 41.
Re6 Kd8 42. Nxh7 a4 43. Rxg6 a3 44. Rg8+ Kc7 45. Ra8 Kb6 46. Ng5 Na6 47. Ne4 Rc2 48. Rd8 a2 49. Rd1 Nb4 50. Ra1 Kb5 51. h4 Kc4 52. h5 Kb3 53. Kh3 Nd5 54. g3 e5 55. Kg4 Kb2 56. Rxa2+ Kxa2 57. h6 Rh2 58. Kg5 Kb3 59. Kg6 Kc4 60. Nd6+ Kd3 61. Nf5 Rh3 62.
h7 Ke2 63. Nh4 Rxg3+ 64. Kf7 e4 65. h8=Q Rxf3+ 66. Ke6 Nf4+ 67. Ke5 e3 68. Qa8 Rh3 69. Qa2+ Kd3 70. Qb3+ Ke2 71. Qc2+ Kf1 72. Kxf4 e2 73. Ng2 Kf2 74. Qd2 Rf3+ 75. Ke4 Kxg2 76. Qxe2+ Rf2 77. Qg4+ Kf1 78. Ke3 Ra2 79. Qd1+ 1-0

[Event "*** Titled Tuesday Blitz"]
[Site "Chess.com"]
[Date "2018.08.07"]
[Round "9"]
[White "eljanov"]
[Black "vpantev"]
[Result "1/2-1/2"]
[WhiteElo "2672"]
[BlackElo "2529"]
[TimeControl "180+2"]
[EndTime "15:09:33 PDT"]
[Termination "Game drawn by agreement"]

1. Nf3 Nf6 2. g3 d5 3. Bg2 Bf5 4. O-O e6 5. c4 c6 6. Qb3 Qb6 7. d3 Nbd7 8. Qc2 a5 9. cxd5 cxd5 10. Nc3 Be7 11. Be3 Qa6 12. Nd4 Bg6 13. Ncb5 Bd8 14. Nc7+ Bxc7 15. Qxc7 O-O 16. Rac1 h6 17. a4 e5 18. Nb5 Rac8 19. Qxc8 Rxc8 20. Rxc8+ Kh7 21. Rfc1 d4 22. Bd2 e4 23. dxe4 Bxe4 24. Nxd4 Bxg2 25. Kxg2 Qb6 26. Nb5 Qe6 27. Be3 Qe4+ 28. Kg1 Ng4 29. R8c4 Qg6 30. Bd4 Qh5 31. h4 Ngf6 32. Bxf6 Nxf6 33.
f3 Qe5 34. Kf2 Qxb2 35. R1c3 Qa1 36. Rc1 Qe5 37. Rc5 Qe6 38. Nd4 Qh3 39. Rg1 Qd7 40. Nb5 Qe7 41. Rc4 Qe6 42. Rd4 Qf5 43. g4 Qc5 44. h5 Nd5 45. Rd1 Nb6 46. Nd6 Nxa4 47. Ne4 Qb6 48. Kg2 Nc5 49. Nxc5 Qxc5 50. Rd8 Qe5 51.
Kf1 g6 52. R1d7 Kg7 53. hxg6 Kxg6 54. Rg8+ Kf6 55. Rf8 Qa1+ 56. Kf2 Qa2 57. Rxb7 a4 58. Ra7 Qb3 59. Rfa8 Qb6+ 60. Kf1 Qb1+ 61. Kg2 Qc2 62. Kf2 Qc5+ 63. e3 Qc2+ 64. Kg3 Qc1 65. Rxa4 Qg1+ 66. Kf4 Qh2+ 67. Ke4 Qe5+ 68. Kd3 Qb5+ 69. Kc3 Qc5+ 70. Kd2 Qd5+ 71. Ke2 Qb5+ 72. Kf2 Qb2+ 73. Kg3 Qe2 74. Rf4+ Kg7 75. Ra1 Qxe3 76. Rf5 Qe7 77. Ra2 Qc7+ 78. Kg2 Qd7 79. Rc2 Qb7 80. Rfc5 Qd7 81. Rc7 Qd5 82. Rb2 h5 83. Rbb7 hxg4 84. Rxf7+ Qxf7 85. Rxf7+ Kxf7 86. fxg4 Kf6 1/2-1/2

[Event "*** Titled Tuesday Blitz"]
[Site "Chess.com"]
[Date "2018.08.07"]
[Round "9"]
[White "Korchmar_Vasiliy"]
[Black "ahmadzada13"]
[Result "1-0"]
[WhiteElo "2636"]
[BlackElo "2652"]
[TimeControl "180+2"]
[EndTime "15:11:17 PDT"]
[Termination "Korchmar_Vasiliy won by resignation"]

1. d4 Nf6 2. Nf3 g6 3. Bg5 Ne4 4. Bh4 Bg7 5. e3 c5 6. c3 Qb6 7. Nbd2 d5 8. Qb3 Nxd2 9. Nxd2 c4 10. Qa3 Bf8 11. b3 e6 12. Qc1 cxb3 13. axb3 Bg7 14. c4 Nc6 15. c5 Qc7 16. Be2 e5 17.
Bg3 Qe7 18. dxe5 Nxe5 19. O-O O-O 20. b4 Bf5 21. Ra3 Rfc8 22. Nf3 Nc6 23. b5 Ne5 24. Nxe5 Bxe5 25. Bxe5 Qxe5 26. Rd1 d4 27. Rxd4 Rxc5 28. Rc3 Rxc3 29. Qxc3 Kg7 30. f4 Qf6 31. g4 Rc8 32. Qa1 Bxg4 33. Bxg4 Rc2 34. Qd1 Rb2 35. Rd7 Kh6 36. Rd2 Rxb5 37. Bf3 Qe6 38. Kg2 Qxe3 39.
Rf2 Rb4 40. f5 Qg5+ 41. Kh1 Qxf5 42. Qd2+ Qf4 43. Qe1 Qd4 44. Rf1 Rb2 45. Bg2 f5 46. Qc1+ Qd2 47. Qxd2+ Rxd2 48. Bxb7 Rb2 49. Bg2 a5 50.
Ra1 Rb5 51. Kg1 Re5 52. Kf2 Kg5 53. Ra4 f4 54. Bf3 h5 55. Kg2 Kf5 56. Kf2 Rc5 57. h4 Rc2+ 58. Be2 Rc5 59. Kf3 Rc3+ 60. Kf2 Rc5 61.
Ra2 Re5 62. Kf3 Re3+ 63. Kf2 Re5 64. Ra3 g5 65. hxg5 Kxg5 66. Ra1 Re3 67. Rg1+ Rg3 68. Rc1 Kh4 69. Rc4 Kg5 70. Rc5+ Kf6 71. Rxh5 Ra3 72. Rb5 Ke6 73. Bg4+ Kd6 74. Bf3 Ke6 75. Be4 Kd6 76. Bg2 Ke6 77. Rh5 Kd6 78. Bf1 Ke6 79. Bc4+ Kf6 80. Rc5 Kg6 81. Rb5 Kf6 82. Bb3 Kg6 83.
Bc2+ Kf6 84. Bb1 Ke6 85. Bf5+ Kf6 86. Bg4 Kg6 87. Rf5 Ra4 88. Re5 Kf6 89. Rb5 Kg6 90. Kf3 Kf6 91. Bf5 Kf7 92. Be4 Ke7 93. Kxf4 Kd6 94. Rd5+ Kc7 95. Ke5 Ra1 96. Rb5 a4 97. Rb7+ Kd8 98. Kd6 Rd1+ 99. Bd5 Kc8 100. Ra7 Rb1 101. Rh7 Rb6+ 102. Bc6 Kb8 103. Rh8+ 1-0

[Event "*** Titled Tuesday Blitz"]
[Site "Chess.com"]
[Date "2018.08.07"]
[Round "9"]
[White "narutosmith"]
[Black "dmosesov"]
[Result "1/2-1/2"]
[WhiteElo "2117"]
[BlackElo "2263"]
[TimeControl "180+2"]
[EndTime "15:11:29 PDT"]
[Termination "Game drawn - insufficient material"]

1. e4 c5 2. Nc3 a6 3. f4 b5 4. g3 Bb7 5. Bg2 Nf6 6. d3 e6 7. Qe2 Nc6 8. Nf3 d6 9. O-O Be7 10. e5 dxe5 11. fxe5 Nd7 12. Ne4 Ndxe5 13. Be3 Nxf3+ 14. Qxf3 O-O 15. Nxc5 Nd4 16. Qxb7 Rb8 17. Qe4 Bxc5 18. c3 Ne2+ 19. Kh1 Bd6 20. Qf3 Nxg3+ 21. hxg3 b4 22. d4 bxc3 23. bxc3 Rb5 24. Rab1 Ra5 25.
Rb2 Rf5 26. Qg4 Rxf1+ 27. Bxf1 Qf6 28. Bg2 Rc8 29. Rf2 Qg6 30. Qxg6 hxg6 31. Rc2 Bxg3 32. Bb7 Rc7 33. Bxa6 Bd6 34. a4 Bb4 35. Bd2 Ba5 36. Bd3 f5 37. c4 Bxd2 38. Rxd2 Kf7 39. a5 Ra7 40. Ra2 e5 41. dxe5 Ke6 42. a6 Kxe5 43. Ra5+ Kd4 44. Rd5+ Kc3 45. c5 Rc7 46. Bb5 Kb4 47.
Rd7 Rc8 48. Rb7 Kxc5 49. Bd7 Ra8 50. a7 Kd6 51. Kg2 f4 52. Kf3 g5 53. Kg4 g6 54.
Kxg5 f3 55. Bh3 f2 56. Bf1 Kc6 57. Rg7 Kb6 58. Rxg6+ Kxa7 59. Rg7+ Kb6 60. Rg6+ Kc5 61. Rf6 Ra2 62. Kg4 Kd4 63. Kg3 Ke5 64. Rf3 Ke4 65. Kg2 Rb2 66. Bd3+ Kd4 67. Bf1 Ke4 68. Rf8 Ke5 69.
Re8+ Kf4 70. Be2 Ra2 71. Kxf2 Rb2 72. Ke1 Ra2 73. Kf2 Rb2 74. Re3 Ra2 75. Re8 Rb2 76. Rf8+ Ke4 77. Rf3 Ra2 78. Re3+ Kf4 79. Re8 Rb2 80. Ke1 Ra2 81. Kd1 Rb2 82. Kc1 Rb7 83. Kc2 Rd7 84. Bc4 Rd4 85. Kc3 Rd1 86. Rf8+ Ke3 87.
Re8+ Kf4 88. Re2 Rd8 89. Bd3 Kf3 90. Re7 Kf4 91. Kd2 Ra8 92. Rf7+ Ke5 93. Rf5+ Kd4 94. Rf7 Ra2+ 95. Bc2 Ra3 96. Rd7+ Ke5 97. Rc7 Kd4 98. Rd7+ Ke5 99. Bd3 Ra1 100. Ke3 Re1+ 101. Be2 Ra1 102. Rb7 Kd5 103. Rb5+ Kc6 104. Kd4 Ra4+ 105. Bc4 Ra1 106. Rc5+ Kd6 107. Rd5+ Kc6 108. Bb5+ Kb6 109. Bd7 Rd1+ 110. Ke5 Rxd5+ 111.
Kxd5 1/2-1/2

[Event "*** Titled Tuesday Blitz"]
[Site "Chess.com"]
[Date "2018.08.07"]
[Round "9"]
[White "misha_melnichuk"]
[Black "jk13"]
[Result "1-0"]
[WhiteElo "2613"]
[BlackElo "2537"]
[TimeControl "180+2"]
[EndTime "15:11:35 PDT"]
[Termination "misha_melnichuk won by resignation"]

1. g3 d5 2. Bg2 e6 3. Nf3 Nf6 4. O-O g6 5. b3 Bg7 6. Bb2 O-O 7. c4 a5 8. a4 Nc6 9. d4 Ne4 10. e3 Nb4 11. Nc3 f5 12. Ne1 c6 13. Nd3 Bd7 14.
Nxe4 fxe4 15. Nxb4 axb4 16. c5 e5 17. dxe5 Qe7 18. Qd4 Bg4 19. Qxb4 h5 20. h3 Bf3 21. a5 Ra6 22. Bd4 Rf7 23. Qc3 Qe6 24. b4 Ra8 25. b5 cxb5 26. Rab1 h4 27. Kh2 Raf8 28. c6 bxc6 29. a6 Bxg2 30. Kxg2 hxg3 31. fxg3 Rxf1 32. Rxf1 Rxf1 33. Kxf1 Qxh3+ 34. Ke2 Qg2+ 35. Kd1 Qf1+ 36. Kc2 Qe2+ 37. Kb3 b4 38. Qxc6 Qd3+ 39. Kb2 Qe2+ 40. Kb3 Qd3+ 41. Ka4 Qa3+ 42. Kb5 Qd3+ 43. Kb6 b3 44. Qxd5+ Kh7 45. Qb5 Qc2 46. a7 Qa2 47.
Kb7 b2 48. Qxb2 Qd5+ 49. Kb6 Qe6+ 50. Kb5 Qd7+ 51. Kc4 Qc6+ 52. Kb3 Bf8 53. Qh2+ Kg8 54. Qc2 Qb5+ 55. Ka2 Qa6+ 56. Kb1 Qf1+ 57. Qc1 Qb5+ 58. Bb2 Qa6 59. Qc7 Qf1+ 60. Ka2 Qa6+ 61. Kb3 Qb5+ 62. Ka2 Qa6+ 63. Kb1 Qf1+ 64. Qc1 Qa6 65. Qc2 Qxa7 66. Qxe4 Qf7 67. Qf4 Qe6 68. Qe4 Kf7 69. Qf4+ Ke8 70. Qa4+ Kf7 71. Kc2 Be7 72. Qf4+ Kg8 73.
Kd3 Qd5+ 74. Qd4 Qe6 75. Qc4 Kf7 76. Qxe6+ Kxe6 77. Ke4 Bd8 78. Bd4 Be7 79. Kf4 Bd8 80. Kg4 Be7 81. Kf3 Bg5 82. Ke4 Bh6 83. Bc5 Bg5 84.
Bd6 Bd8 85. Bf8 Bg5 86. Bg7 Be7 87. Bf6 Bc5 88. Kf4 Bb6 89. Kg5 Kf7 90. e4 Be3+ 91.
Kg4 Ke6 92. Bg5 Bc5 93. Bf4 Be7 94. Kf3 Bd8 95. Kg4 Be7 96. Bg5 Bc5 97. Kf4 Bd4 98. Bf6 Bc5 99. Kg5 Kf7 100. e6+ Kxe6 101. Kxg6 Be3 102. g4 Bd2 103. g5 Bf4 104. Kh5 Kf7 105. Kg4 Bc7 106. Kf5 Bd8 107. Bxd8 1-0

[Event "*** Titled Tuesday Blitz"]
[Site "Chess.com"]
[Date "2018.08.07"]
[Round "10"]
[White "Marcan2b"]
[Black "Maxim_e2e4"]
[Result "1/2-1/2"]
[WhiteElo "2307"]
[BlackElo "2373"]
[TimeControl "180+2"]
[EndTime "15:14:45 PDT"]
[Termination "Game drawn by agreement"]

1. e4 e5 2. Nf3 Nc6 3. Bc4 Bc5 4. O-O d6 5. d3 Nf6 6. a4 h6 7. c3 a5 8. d4 Ba7 9. dxe5 Nxe5 10. Nxe5 dxe5 11.
Qxd8+ Kxd8 12. Nd2 Ke7 13. h3 Be6 14. Bxe6 Kxe6 15. Re1 Rhd8 16. Nc4 Bc5 17. Be3 Bxe3 18. Rxe3 b6 19. Kf1 Rd7 1/2-1/2